 Dungeon Crawl Stone Soup version 0.32-a0-418-g34023cf50c (webtiles) character file.

Game seed: 5661489634051549315

45 Lusmu the Firebug (level 3, 0/46 HPs)
             Began as an Oni Fire Elementalist on Feb 21, 2024.
             Succumbed to an adder's poison
             ... on level 2 of the Dungeon.
             The game lasted 00:03:49 (1054 turns).

Lusmu the Firebug (Oni Fire Elementalist)           Turns: 1054, Time: 00:03:50

Health: 0/46       AC:  3    Str: 14    XL:     3   Next: 64%
Magic:  7/7        EV:  9    Int: 16    God:
Gold:   95         SH:  0    Dex:  9    Spells: 7/8 levels left

rFire   . . .        g - staff of conjuration
rCold   . . .        (no shield)
rNeg    . . .        a - +0 robe
rPois   .            (helmet restricted)
rElec   .            (no cloak)
rCorr   .            (gloves unavailable)
SInv    .            (boots unavailable)
Will    .....        (no amulet) Stlth
                     (no ring)
HPRegen 0.27/turn    (no ring)
MPRegen 0.10/turn

%: no passive effects
@: berserking, lethally poisoned (0 -> -8), very quick
A: large, unfitting armour, horns 1, tough skin 1, double potion healing,
drunken brawling
a: no special abilities


You were on level 2 of the Dungeon.
You visited 1 branch of the dungeon, and saw 2 of its levels.

You collected 95 gold pieces.

Inventory:

Hand Weapons
 e - a +0 trident
Armour
 a - a +0 robe (worn)
Magical Staves
 g - a staff of conjuration (weapon)
Scrolls
 c - a scroll of noise {unknown}
 d - 4 scrolls of identify {unknown}
Potions
 b - a potion of magic


   Skills:
 - Level 1.8 Dodging
 + Level 2.0 Stealth
 - Level 3.0 Spellcasting
 + Level 1.6 Conjurations
 + Level 3.1 Fire Magic


You had 7 spell levels left.
You knew the following spells:

 Your Spells              Type           Power      Damage    Failure   Level
a - Foxfire               Conj/Fire      60%        2x1d7     7%          1

Your spell library contained the following spells:

 Spells                   Type           Power      Damage    Failure   Level
 Scorch                   Fire           24%        2d6       8%          2
 Momentum Strike          Conj/Tloc      14%        3d8       21%         2
 Blink                    Tloc           4%         N/A       28%         2
 Lesser Beckoning         Tloc           4%         N/A       28%         2
 Inner Flame              Hex/Fire       7%         N/A       30%         3
 Volatile Blastmotes      Fire/Tloc      14%        2d11      30%         3
 Flame Wave               Conj/Fire      15%        2d7       56%         4


Dungeon Overview and Level Annotations

Branches:
Dungeon (2/15)

Altars:


Innate Abilities, Weirdness & Mutations

You are too large for most types of armour.
You have a pair of small horns on your head.
You have tough skin. (AC +1)
You gain doubled healing and magic from potions.
Whenever you drink a healing potion, you attack all around you.


Message History

The adder closely misses you. The adder barely misses you.
You hit the adder but do no damage. Your headbutt misses the adder.
You feel sick. The adder bites you but does no damage.
The adder closely misses you.
You closely miss the adder. Your headbutt misses the adder.
You feel sick. The adder barely misses you.
You closely miss the adder.
You feel sick. The adder closely misses you. x2
You completely miss the adder.
You feel sick.
You are no longer poisoned.
The adder bites you but does no damage.
You hit the adder. Your headbutt misses the adder.
The adder is moderately wounded.
The adder bites you but does no damage. The adder bites you.
You are poisoned.
The adder poisons you!
You hit the adder. Your headbutt misses the adder.
The adder is severely wounded.
You feel sick. The adder bites you.
You are more poisoned.
The adder poisons you!
You closely miss the adder. Your headbutt misses the adder.
The adder is severely wounded.
You feel sick. The adder bites you but does no damage. The adder bites you.
You miss the adder. Your headbutt misses the adder.
The adder is severely wounded.
You feel sick. The adder closely misses you.
You barely miss the adder.
The adder is severely wounded.
You feel sick. The adder closely misses you. The adder bites you.
* * * LOW HITPOINT WARNING * * *
You are more poisoned.
The adder poisons you!
It was a potion of berserk rage.
A red film seems to cover your vision as you go berserk!
You feel yourself moving faster!
You feel mighty!
* * * LOW HITPOINT WARNING * * *
You feel sick. The adder completely misses you.
You barely miss the adder. Your headbutt misses the adder.
The adder is severely wounded.
You die...

#.####... ##.####... #
#......... #.
#......... #.#####
#......... #...(.#
##.#####.# #.....####
#........ #...<....###
#######'#
#....@.....#### #....
#?..S#...#....####....
#....#...####.........
#....##### #.......†#
#...( #........# #####
#........# #......>.#
#######.## #.#


You could see an adder.

Vanquished Creatures
  A dart slug (D:1)
  2 endoplasms (D:1)
  3 goblins (D:1)
  2 hobgoblins
  2 jackals (D:1)
  3 quokkas
  2 ball pythons
  2 bats (D:1)
  A frilled lizard (D:2)
  3 kobolds (D:1)
  4 rats
25 creatures vanquished.

Vanquished Creatures (others)
  18 foxfires (D:1)
18 creatures vanquished.

Grand Total: 43 creatures vanquished

Notes
Turn   | Place    | Note
-------+----------+-------------------------------------------
     0 | D:1      | Lusmu the Oni Fire Elementalist began the quest for the
                  | Orb.
     0 | D:1      | Reached XP level 1. HP: 16/16 MP: 3/3
    65 | D:1      | Reached skill level 1 in Conjurations
   144 | D:1      | Reached XP level 2. HP: 22/24 MP: 5/5
   300 | D:1      | Reached XP level 3. HP: 31/31 MP: 1/7
  1053 | D:2      | HP: 2/46 [poisoned by an adder]
  1054 | D:2      | Succumbed to an adder's poison

Illustrated notes

Levels and vault maps discovered:
D:1:      co_arrival_square_in_a_square_in_a_square, layout_loops_cross
D:2:      layout_basic

Skill      XL: |  1  2  3 |
---------------+----------+-----
Conjurations   | 1 |  1.6
Fire Magic     | 3 |  3.1
Spellcasting   | 3 |  3.0
Stealth        | 2 |  2.0
Dodging        | |  1.8

Action                     || total
---------------------------++-------
  Melee: Unarmed           ||    10
         Trident           ||    17
         Headbutt          ||     8
         Staff             ||    40
   Cast: Foxfire           ||    17
    Use: Potion            ||     1
   Stab: Sleeping          ||     2
 Armour: Robe              ||    52
  Dodge: Dodged            ||    44

Table legend: (Time is in decaauts)
 A = Elapsed time spent in this place.
 B = Non-inter-level travel time spent in this place.
 C = Inter-level travel time spent in this place.
 D = Time resting spent in this place.
 E = Time spent auto-exploring this place.
 F = Levels seen in this place.
 G = Mean time per level.
                   A        B        C        D        E       F      G
               +--------+--------+--------+--------+--------+-----+--------+
         Total |   1065 |   1031 |     34 |    125 |    597 |   2 |  532.5 |
       Dungeon |   1065 |   1031 |     34 |    125 |    597 |   2 |  532.5 |
               +--------+--------+--------+--------+--------+-----+--------+

Top non-repeatable levels by time:
     D:1: 868 daAuts
     D:2: 197 daAuts
